 Dungeon Crawl Stone Soup version 0.15.1-3-g1b33baa (webtiles) character file.

184 Johnny the Chiller (level 5, 0/41 HPs)
             Began as a Demigod Ice Elementalist on Oct 4, 2014.
             Succumbed to a worker ant's poison
             ... on Level 3 of the Dungeon.
             The game lasted 00:06:43 (2741 turns).

Johnny the Chiller (Demigod Ice Elementalist)       Turns: 2741, Time: 00:06:43

HP   0/41        AC  5     Str 17      XL: 5   Next: 14%
MP   1/13        EV 15     Int 22 (25) God:
Gold 192         SH  0     Dex 22      Spells:  2 memorised,  4 levels left

rFire  . . .     SeeInvis .     k - +0 dagger
rCold  . . .     Clarity  .     j - +0 ring mail
rNeg   . . .     rCorr    .     (no shield)
rPois  .         rRot     .     (no helmet)
rElec  .         Spirit   .     (no cloak)
SustAb .         Warding  .     (no gloves)
rMut   .         Stasis   .     (no boots)
Gourm  .                        (no amulet)
MR     .....                    (no ring)
                                (no ring)

@: mighty, brilliant, agile, lethally poisoned, very slightly contaminated,
hasted, very quick, not resistant to hostile enchantments, fairly stealthy
A: no striking features
a: no special abilities


You were on level 3 of the Dungeon.
You were not hungry.

You visited 1 branch of the dungeon, and saw 4 of its levels.

You collected 192 gold pieces.

Inventory:

Hand weapons
 k - a +0 dagger (weapon)
Armour
 a - a +0 robe
 i - a +0 leather armour
 j - a +0 ring mail (worn)
Comestibles
 c - 3 bread rations
 f - 3 meat rations
Scrolls
 d - 7 scrolls of identify {unknown}
 e - a scroll of noise {unknown}
 g - a scroll of fear {unknown}
 l - a scroll of random uselessness {unknown}
 o - 2 scrolls of teleportation {unknown}
 s - a scroll of remove curse {unknown}
Jewellery
 q - an uncursed ring of fire
Books
 b - a book of Frost

   Spells                             Type                      Level
   *Freeze                            Ice                          1
   Throw Frost                        Conjuration/Ice              2
   Ozocubu's Armour                   Charms/Ice                   3
   Throw Icicle                       Conjuration/Ice              4
   *Summon Ice Beast                  Ice/Summoning                4
   Condensation Shield                Ice                          4


   Skills:
 * Level 1.9 Fighting
 + Level 1.1 Armour
 + Level 2.1 Dodging
 + Level 2.4 Stealth
 * Level 2.9 Spellcasting
   Level 0.8 Conjurations
 * Level 3.5 Ice Magic


You had 4 spell levels left.
You knew the following spells:

 Your Spells              Type           Power        Failure   Level  Hunger
a - Freeze                Ice            ####         1%          1    None
b - Summon Ice Beast      Ice/Summ       ###.....     11%         4    ####...


Dungeon Overview and Level Annotations

Branches:
Dungeon (4/15)
 Temple: D:4-7


Message History

Aim: a worker ant (almost dead)
You freeze the worker ant.
You kill the worker ant!
You have reached level 5!
* * * LOW HITPOINT WARNING * * *
You feel sick.
There is a stone staircase leading up here.
You climb upwards.
* * * LOW HITPOINT WARNING * * *
You feel sick.
There is a stone staircase leading down here.
Unknown command.
Eat which item? (? for menu, Esc to quit)
You continue eating.
* * * LOW HITPOINT WARNING * * *
You feel sick.
You finish eating.
Mmm...
Ham and pineapple.
* * * LOW HITPOINT WARNING * * *
You feel sick.
You die...

#####.# ##########
......# #........#
####..## #.######.#
.......#####.######.#
####............>##.#
##...#####........#
###.....# #####.####
.......## #.#
#####.## #@# #.# #.#
#.# #.# ##'## #.##
##...## #..#
##.....## ###.#
##.......######.#.#
#.........#.......#
'.........'.......#


There were no monsters in sight!

Vanquished Creatures
  A worker ant (D:4)
  An iguana (D:3)
  Ijyb (D:4)
  4 adders
  A giant mite (D:3)
  An inept feature mimic (D:2)
  A worm (D:2)
  A giant gecko (D:3)
  An ooze (D:1)
  An orc (D:3)
  5 giant cockroaches
  9 hobgoblins
  6 kobolds
  A ball python (D:2)
  3 bats
  7 giant newts
  11 goblins
  10 rats
65 creatures vanquished.

Notes
Turn   | Place    | Note
--------------------------------------------------------------
     0 | D:1      | Johnny, the Demigod Ice Elementalist, began the quest for the Orb.
     0 | D:1      | Reached XP level 1. HP: 14/14 MP: 3/3
   473 | D:1      | Reached XP level 2. HP: 19/22 MP: 2/4
  1043 | D:2      | Reached skill level 1 in Fighting
  1043 | D:2      | Reached skill level 3 in Ice Magic
  1198 | D:2      | Reached XP level 3. HP: 12/28 MP: 4/8
  1903 | D:3      | Reached XP level 4. HP: 35/35 MP: 9/11
  1909 | D:3      | Learned a level 4 spell: Summon Ice Beast
  2120 | D:3      | Found a snail-covered altar of Cheibriados.
  2123 | D:3      | Reached skill level 1 in Armour
  2706 | D:4      | Noticed Ijyb
  2719 | D:4      | Killed Ijyb
  2732 | D:4      | Reached XP level 5. HP: 4/41 MP: 0/13
  2735 | D:3      | HP: 2/41 [poisoned by a worker ant]
  2741 | D:3      | Succumbed to a worker ant's poison

Action                   |  1- 3 |  4- 6 || total
-------------------------+-------+-------++-------
Melee: Unarmed           |    18 |       ||    18
       Dagger            |    75 |    20 ||    95
 Cast: Freeze            |    43 |    35 ||    78
  Use: Potion            |       |     5 ||     5
 Stab: Sleeping          |     7 |     1 ||     8
  Eat: Chunk             |     3 |     2 ||     5
       Pizza             |       |     1 ||     1
